Workbook

Sheet 1-0
D3: 1-0 Buydown Calculator Complete the fields in white
D4: Complete the cells in white
B5: For Educational Purposes Only
B6: Loan Amount | C6: 450000 | E6: Joe Rogers - EVP of Sales, Cornerstone Division
B7: Rate | C7: 0.065 | E7: NMLS ID #188286
B8: Term (years) | C8: 30 | E8: (240) 603-7883
B9: Mo. Payment | C9: =-PMT($C$7/12,$C$8*12,$C$6,0) -> 2844.3061 | E9: jrogers@encompasslending.com
B11: Years | C11: Effective Rate | D11: Mo. Payment * | F11: Mo. Subsidy | G11: # Pmts | H11: Yearly Subsidy
B12: 1 | C12: =$C$7-0.01 -> 0.055 | D12: =-PMT($C$12/12,$C$8*12,$C$6,0) -> 2555.0505 | F12: =$C$9-D12 -> 289.2556 | G12: 12 | H12: =SUM(F12*G12) -> 3471.0672
B13: =+C8 -> 30 | C13: =$C$7 -> 0.065 | D13: =C9 -> 2844.3061
B15: Total Subsidy: | C15: =SUM(H12:H12) -> 3471.0672
B17: *Monthly Payment is only principal and interest. The calculator is being provided for educational purposes only. The rates and payments are examples only and do not reflect Encompass Lending terms & offers. The results are estimates based on your input and do not factor into eligibility requirements for specific products. Not available for all loan programs. This is not an offer of credit or commitment to lend. NMLS ID# 292897 Consumer Access (nmlsconsumeraccess.org)

Sheet 2-1
D3: 2-1 Buydown Calculator Complete the fields in white
D4: Complete the cells in white
B5: For Educational Purposes Only
B6: Loan Amount | C6: 450000 | E6: =+'1-0'!E6 -> Joe Rogers - EVP of Sales, Cornerstone Division
B7: Rate | C7: 0.065 | E7: =+'1-0'!E7 -> NMLS ID #188286
B8: Term (years) | C8: 30 | E8: =+'1-0'!E8 -> (240) 603-7883
B9: Mo. Payment | C9: =-PMT($C$7/12,$C$8*12,$C$6,0) -> 2844.3061 | E9: =+'1-0'!E9 -> jrogers@encompasslending.com
B11: Years | C11: Effective Rate | D11: Mo. Payment * | F11: Mo. Subsidy | G11: # Pmts | H11: Yearly Subsidy
B12: 1 | C12: =$C$7-0.02 -> 0.045 | D12: =-PMT($C$12/12,$C$8*12,$C$6,0) -> 2280.0839 | F12: =$C$9-D12 -> 564.22221 | G12: 12 | H12: =SUM(F12*G12) -> 6770.6665
B13: 2 | C13: =$C$7-0.01 -> 0.055 | D13: =-PMT($C$13/12,$C$8*12,$C$6,0) -> 2555.0505 | F13: =$C$9-D13 -> 289.2556 | G13: 12 | H13: =SUM(F13*G13) -> 3471.0672
B14: =+C8 -> 30 | C14: =$C$7 -> 0.065 | D14: =C9 -> 2844.3061
B16: Total Subsidy: | C16: =SUM(H12:H13) -> 10241.734
B18: *Monthly Payment is only principal and interest. The calculator is being provided for educational purposes only. The rates and payments are examples only and do not reflect Encompass Lending terms & offers. The results are estimates based on your input and do not factor into eligibility requirements for specific products. Not available for all loan programs. This is not an offer of credit or commitment to lend. NMLS ID# 292897 Consumer Access (nmlsconsumeraccess.org)

Sheet X-X-X
I1: Reduc.
H2: Year 1: | I2: 0.01
D3: X-X-X Buydown Calculator Complete the fields in white | H3: Year 2: | I3: 0
D4: Complete the cells in white | H4: Year 3: | I4: 0
B6: Loan Amount | C6: 350000 | E6: =+'2-1'!E6 -> Joe Rogers - EVP of Sales, Cornerstone Division
B7: Rate | C7: 0.07 | E7: =+'2-1'!E7 -> NMLS ID #188286
B8: Term (years) | C8: 30 | E8: =+'2-1'!E8 -> (240) 603-7883
B9: Mo. Payment | C9: =-PMT($C$7/12,$C$8*12,$C$6,0) -> 2328.5587 | E9: =+'2-1'!E9 -> jrogers@encompasslending.com
B11: Years | C11: Effective Rate | D11: Mo. Payment | F11: Mo. Subsidy | G11: # Pmts | H11: Yearly Subsidy
B12: 1 | C12: =$C$7-I2 -> 0.06 | D12: =-PMT($C$12/12,$C$8*12,$C$6,0) -> 2098.4268 | F12: =$C$9-D12 -> 230.1319 | G12: 12 | H12: =SUM(F12*G12) -> 2761.5827
B13: 2 | C13: =$C$7-I3 -> 0.07 | D13: =-PMT($C$13/12,$C$8*12,$C$6,0) -> 2328.5587 | F13: =$C$9-D13 -> 0 | G13: 12 | H13: =SUM(F13*G13) -> 0
B14: 3 | C14: =$C$7-I4 -> 0.07 | D14: =-PMT($C$14/12,$C$8*12,$C$6,0) -> 2328.5587 | F14: =$C$9-D14 -> 0 | G14: 12 | H14: =SUM(F14*G14) -> 0
B15: 4-30 | C15: =$C$7 -> 0.07 | D15: =C9 -> 2328.5587
B17: Total Subsidy: | C17: =SUM(H12:H14) -> 2761.5827
